 Dungeon Crawl Stone Soup version 0.18.1-47-g9310371 (webtiles) character file.

11 Goudai the Magician (level 2, 0/15 HPs)
             Began as a Gargoyle Wizard on June 23, 2016.
             Slain by Natasha (6 damage)
             ... on level 2 of the Dungeon.
             The game lasted 00:20:47 (490 turns).

Goudai the Magician (Gargoyle Wizard)                Turns: 490, Time: 00:20:48

Health: 0/15       AC:  4    Str: 10    XL:     2   Next: 29%
Magic:  6/6        EV:  7    Int: 18    God:
Gold:   22         SH:  0    Dex:  8    Spells: 1 memorised, 6 levels left

rFire  . . .     SeeInvis .     i - +0 club
rCold  . . .     Gourm    .     h - +0 robe
rNeg   + . .     Faith    .     (no shield)
rPois  ∞         Spirit   .     b - +0 hat
rElec  +         Dismiss  .     (no cloak)
rCorr  .         Reflect  .     (no gloves)
SustAt .         Harm     .     (no boots)
MR     .....                    (no amulet)
Stlth  ++........               (no ring)
                                (no ring)

@: slowed, very slow, not resistant to hostile enchantments, unstealthy
A: negative energy resistance 1, electricity resistance, unbreathing,
petrification resistance, rot immunity, AC +2
a: no special abilities


You were on level 2 of the Dungeon.
You were not hungry.

You visited 1 branch of the dungeon, and saw 2 of its levels.

You collected 22 gold pieces.

Inventory:

Hand Weapons
 e - a +0 hunting sling
 f - a +0 club
 i - a +0 club (weapon)
Missiles
 m - 18 bolts
Armour
 a - a +0 robe
 b - a +0 hat (worn)
 h - a +0 robe (worn)
 l - a +0 ring mail
Scrolls
 n - a scroll of magic mapping {unknown}
 o - a scroll of identify {unknown}
 q - a scroll of noise {unknown}
Potions
 j - a potion of mutation {unknown}
 p - 2 potions of heal wounds {unknown}
Books
 c - a book of Minor Magic

   Spells                             Type                      Level
   a - Magic Dart                     Conjuration                  1
   b - Blink                          Translocation                2
   c - Call Imp                       Summoning                    2
   d - Repel Missiles                 Charms/Air                   2
   e - Slow                           Hexes                        2
   f - Conjure Flame                  Conjuration/Fire             3
   g - Mephitic Cloud                 Conjuration/Poison/Air       3
Comestibles
 d - a bread ration
 g - 2 fruits
 k - a meat ration


   Skills:
 + Level 1.8 Dodging
 + Level 2.1 Stealth
 + Level 3.4 Spellcasting
 + Level 1.1 Conjurations
   Level 0.8 Summonings
   Level 0.8 Translocations


You had 6 spell levels left.
You knew the following spells:

 Your Spells              Type           Power        Failure   Level  Hunger
a - Magic Dart            Conj           #...         12%         1    None


Dungeon Overview and Level Annotations

Branches:
Dungeon (2/15)

Altars:

Annotations:
D:2 Natasha


Innate Abilities, Weirdness & Mutations

You are resistant to torment.
Your stone body is resilient (AC +2).
You are immune to poison.
You resist negative energy.
You are resistant to electric shocks.
You can survive without breathing.
You are immune to petrification.
You are immune to rotting.


Message History

You can't go up here!
You climb downwards.
Natasha, Servant of Life and Death comes into view.
Found 26 arrows.
There is a stone staircase leading up here.
You hit Natasha but do no damage. Natasha claws you.
You miss Natasha.
Natasha casts a spell.
You closely miss Natasha. Natasha closely misses you.
Natasha extends her claws.
Natasha closely misses you.
You closely miss Natasha. Natasha claws you.
You closely miss Natasha. Natasha closely misses you.
Natasha stares at you and mumbles some strange words.
You feel yourself slow down. The crimson imp closely misses you.
There is a stone staircase leading up here.
Natasha claws you but does no damage. The crimson imp hits you.
Natasha claws you.
You die...

#.# #.#
#.# #.# .
#.#
...####.#
........#
######h5##
#.@.#
#.#(# #.
... #.
.### #. .#
#. .. ..
## ##


You could see Natasha and a crimson imp.

Vanquished Creatures
  A giant cockroach (D:1)
  2 hobgoblins (D:1)
  A jackal (D:1)
  A bat (D:1)
  A giant newt (D:1)
  4 goblins (D:1)
  A rat (D:1)
11 creatures vanquished.

Notes
Turn   | Place    | Note
--------------------------------------------------------------
     0 | D:1      | Goudai the Gargoyle Wizard began the quest for the Orb.
     0 | D:1      | Reached XP level 1. HP: 10/10 MP: 4/4
   242 | D:1      | Reached XP level 2. HP: 15/15 MP: 4/6
   480 | D:2      | Noticed Natasha
   485 | D:2      | Noticed a crimson imp
   490 | D:2      | Slain by Natasha

Action                   || total
-------------------------++-------
Melee: Unarmed           ||     6
       Club              ||    19
 Cast: Magic Dart        ||    17
  Use: Scroll            ||     2
 Stab: Sleeping          ||     1
Armor: Robe              ||    12
Dodge: Dodged            ||    17
